 Dungeon Crawl Stone Soup version 0.21-a0-286-g6fcecc0 (webtiles) character file.

51166 Lavandula the Carver (level 14, -11/106 HPs)
             Began as a Ghoul Warper on Sept 24, 2017.
             Was a High Priest of Hepliaklqana.
             Killed from afar by a blizzard demon (39 damage)
             ... with a bolt of lightning
             ... in an ice cave on Sept 26, 2017.
             The game lasted 01:42:56 (14230 turns).

Lavandula the Carver (Ghoul Warper)                Turns: 14230, Time: 01:42:57

Health: -11/106    AC: 14    Str: 23    XL:     14   Next: 58%
Magic:  16/31      EV: 14    Int: 19    God:    Hepliaklqana [*****.]
Gold:   716        SH:  7    Dex: 10    Spells: 0/24 levels left

rFire    + + +     SeeInvis .   C - +5 falchion (distort)
rCold    + . .     Gourm    .   Q - +2 buckler {rF+}
rNeg     + + +     Faith    .   v - +2 leather armour "Upuhag" {rF++ Int+4}
rPois    ∞         Spirit   .   W - +3 hat of Pondering {ponderous, MR+ MP+10 Int+5}
rElec    .         Reflect  .   T - +0 cloak {rF+}
rCorr    .         Harm     .   (no gloves)
MR       ++...                  X - +0 pair of boots {Stlth+}
Stlth    +++.......             h - amulet of inaccuracy (curse)
HPRegen  0.00/turn              S - ring of Xom's Sleight of Hands {Str+7 Stlth+}
MPRegen  0.22/turn              V - +4 ring of protection

@: very slightly contaminated, rotting, slow
A: rotting body, reduced essence, claws 1, carnivore 3, cold resistance 1,
negative energy resistance 3, inhibited regeneration, torment resistance,
unbreathing
a: Recall Ancestor, Ancestor Identity, Transference, Idealise, Renounce Religion


You were in an ice cave.
You worshipped Hepliaklqana.
Hepliaklqana was extremely pleased with you.
You were not hungry.

You visited 4 branches of the dungeon, and saw 20 of its levels.
You also visited: Labyrinth, Ice Cave and Volcano.

You collected 2239 gold pieces.
You spent 1523 gold pieces at shops.

Inventory:

Hand Weapons
 j - a +2 great sword of flaming
 C - a +5 falchion of distortion (weapon)
 L - a +2 great sword of freezing
 O - the +0 long sword of Purpose {flame, rElec MR+ Dex+2}
   (You found it on level 7 of the Dungeon)

   It has been specially enchanted to burn those struck by it, causing extra
   injury to most foes and up to half again as much damage against particularly
   susceptible opponents.
   Big, fiery blades are also staple armaments of hydra-hunters.
   It affects your dexterity (+2).
   It insulates you from electricity.
   It affects your resistance to hostile enchantments.
Missiles
 N - 6 throwing nets
 P - 25 tomahawks (quivered)
Armour
 v - the +2 leather armour "Upuhag" (worn) {rF++ Int+4}
   (You bought it in a shop on level 2 of the Orcish Mines)

   It affects your intelligence (+4).
   It greatly protects you from fire.
 Q - a +2 buckler of fire resistance (worn)
 T - a +0 cloak of fire resistance (worn)
 W - the +3 hat of Pondering (worn) {ponderous, MR+ MP+10 Int+5}
   (You found it on level 1 of the Orcish Mines)

   It affects your intelligence (+5).
   It affects your resistance to hostile enchantments.
   It affects your magic capacity (+10).
 X - a +0 pair of boots of stealth (worn)
Magical Staves
 w - an uncursed staff of air {unknown}
 F - an uncursed staff of death {unknown}
 R - an uncursed staff of poison {unknown}
Jewellery
 h - a cursed amulet of inaccuracy (around neck)
 l - an uncursed amulet of guardian spirit
 r - an uncursed ring of see invisible
 E - an uncursed ring of fire
 S - the ring of Xom's Sleight of Hands (left claw) {Str+7 Stlth+}
   (You found it in a labyrinth)

   [ring of stealth]

   It affects your strength (+7).
   It makes you more stealthy.
 V - a +4 ring of protection (right claw)
Wands
 d - a wand of acid (10/15)
 q - a wand of lightning (7/15)
 x - a wand of confusion (36/48)
 J - a wand of iceblast (5/15)
 K - a wand of paralysis (6/24)
Scrolls
 b - a scroll of acquirement
 c - 8 scrolls of blinking
 k - a scroll of immolation {unknown}
 o - 3 scrolls of recharging
 p - 3 scrolls of amnesia
 y - 2 scrolls of summoning
 A - a scroll of torment
 B - 4 scrolls of teleportation
 G - a scroll of fog
Potions
 a - a potion of cancellation
 e - a potion of haste
 g - 3 potions of curing
 i - 2 potions of magic
 n - 7 potions of heal wounds
 s - a potion of resistance
 t - a potion of brilliance {unknown}
 u - a potion of ambrosia {unknown}
 z - 2 potions of agility
 I - a potion of invisibility
 M - 5 potions of might
Books
 D - a book of Flames

   Spells                             Type                      Level
   a - Flame Tongue                   Conjuration/Fire             1
   b - Throw Flame                    Conjuration/Fire             2
   c - Conjure Flame                  Conjuration/Fire             3
   d - Inner Flame                    Hexes/Fire                   3
   e - Sticky Flame                   Conjuration/Fire             4
   f - Fireball                       Conjuration/Fire             5
 Y - a book of Unlife

   Spells                             Type                      Level
   a - Recall                         Summoning/Translocation      3
   b - Animate Dead                   Necromancy                   4
   c - Control Undead                 Necromancy                   4
   d - Cigotuvi's Embrace             Necromancy                   5
   e - Death Channel                  Necromancy                   6
   f - Simulacrum                     Ice/Necromancy               6
Miscellaneous
 m - a lamp of fire (inert)
 U - a phantom mirror
Comestibles
 f - 9 meat rations
 H - 2 royal jellies


   Skills:
 - Level 9.4 Fighting
 - Level 14.3 Long Blades
 - Level 0.8 Throwing
 - Level 3.3 Armour
 + Level 7.2 Dodging
 - Level 5.3 Shields
 - Level 5.0 Unarmed Combat
 - Level 5.5 Spellcasting
 - Level 4.2 Conjurations
 - Level 9.6 Necromancy
 - Level 2.6 Translocations
 - Level 3.3 Air Magic
 - Level 1.8 Poison Magic
 - Level 3.0 Invocations


You couldn't memorise any spells.
You knew the following spells:

 Your Spells              Type           Power        Failure   Level  Hunger
a - Blink                 Tloc           N/A          7%          2    None
b - Shroud of Golubria    Chrm/Tloc      ##........   12%         2    None
c - Death Channel         Necr           #####.....   36%         6    #######
d - Mephitic Cloud        Conj/Pois/Air  ###.....     11%         3    ##.....
e - Passage of Golubria   Tloc           N/A          41%         4    ####...
f - Animate Dead          Necr           N/A          2%          4    ####...
g - Conjure Flame         Conj/Fire      ##......     17%         3    ##.....


Dungeon Overview and Level Annotations

Branches:
Dungeon (10/15)            Temple (0/1) D:5            Lair (6/6) D:8
 Shoals (2/4) Lair:4          Orc (2/2) D:10            Elf (0/3) Orc:2
  Snake: Lair:2-4    Spider: Lair:2-4     Slime: Lair:5-6

Altars:
Ashenzari
Hepliaklqana
Nemelex Xobeh
Okawaru
Uskayaw
Vehumet
Xom
Yredelemnul

Shops:
D:4 *   D:5 %   Orc:2 !(![

Annotations:
D:7 exclusion: upstairs
Lair:4 Nergalle


Innate Abilities, Weirdness & Mutations

Your body is rotting away.
You thrive on raw meat.
You are immune to poison.
You have sharp fingernails.
You are carnivorous and can eat meat at any time.
Your flesh is cold resistant. (rC+)
You are immune to negative energy. (rN+++)
You do not regenerate when monsters are visible.
You are immune to unholy pain and torment.
You can survive without breathing.
Your life essence is reduced to manifest your ancestor. (-10% HP)


Message History

The blizzard demon is severely wounded.
The blizzard demon hits you but does no damage.
The blizzard demon misses you.
You barely miss the blizzard demon.
The blizzard demon is severely wounded.
You hit the blizzard demon but do no damage.
Space bends around the blizzard demon.
The blizzard demon is almost dead.
The blizzard demon barely misses you. The blizzard demon hits you!
* * * LOW HITPOINT WARNING * * *
Your shroud falls apart!
You feel much better. The blizzard demon closely misses you.
The blizzard demon hits you!
* * * LOW HITPOINT WARNING * * *
You hit the blizzard demon.
The blizzard demon looks slightly unstable.
The blizzard demon is almost dead.
The blizzard demon gestures at you. The bolt of lightning hits you!
You die... ##### ########## ##.#.## #...##...########.#.⌠.# ##### #Z.4##2§§##...#..#.###.###≈≈≈≈≈ #..ZW ########.@#..#######≈≈≈# (2ZZ

#.2#####.≈≈#≈≈≈#
..2
##..##..≈#≈≈≈≈##
#.
###...##≈≈≈#≈≈####
#
#####≈≈≈####≈≈.##
#≈≈#≈≈≈≈ ###..#
≈≈≈≈≈≈≈≈≈###..##
≈≈≈≈≈≈≈≈####..##
≈≈#≈#≈≈## ###..#


You could see a blizzard demon.

Vanquished Creatures
  2 two-headed ogres
  2 orc high priests (Orc:2)
  2 skeletal warriors (Volcano)
  A sea snake (Lair:4)
  2 harpies (Shoals:2)
  An anaconda skeleton (Volcano)
  4 orc knights
  2 elephants (Lair:6)
  A manticore (Lair:4)
  2 black mambas
  A merfolk siren (Shoals:1)
  An ice statue (IceCv)
  5 spiny frogs
  A gargoyle (Volcano)
  A rime drake (Lair:6)
  A komodo dragon (Lair:6)
  4 freezing wraiths (IceCv)
  2 ice devils (IceCv)
  An anaconda simulacrum (IceCv)
  2 hornets (Lair:6)
  A golden dragon simulacrum (IceCv)
  3 polar bears (Lair:6)
  A snapping turtle (Shoals:1)
  3 blink frogs (Lair:4)
  A harpy skeleton (Volcano)
  4 dream sheep (Lair:6)
  A flying skull (Volcano)
  A redback (Lab)
  5 hippogriffs
  An alligator skeleton (Volcano)
  2 water elementals (Lair:4)
  2 yaks (Lair:4)
  7 spriggans (Lair:6)
  3 hogs
  A human (D:8)
  2 dire elephant simulacra (IceCv)
  A wyvern (Lair:4)
  A harpy simulacrum (IceCv)
  An iron troll simulacrum (IceCv)
  A warg (Orc:2)
  4 water moccasins
  A porcupine (D:8)
  An ettin simulacrum (IceCv)
  11 orc warriors
  A black bear (Lair:6)
  An eye of draining (D:9)
  10 wolves (Lair:6)
  A necrophage (D:7)
  3 boggarts (Lair:6)
  6 ogres
  5 crocodiles
  3 bullfrogs
  A gnoll sergeant (D:5)
  2 scorpions
  11 killer bees
  An elephant simulacrum (IceCv)
  A troll skeleton (Volcano)
  A spriggan skeleton (Volcano)
  2 howler monkeys
  A centaur zombie (D:9)
  3 crimson imps
  A draconian simulacrum (IceCv)
  5 hounds
  17 orc priests
  7 orc wizards
  2 bullfrog skeletons
  2 iguanas
  2 troll simulacra (IceCv)
  6 worker ants
  A polar bear simulacrum (IceCv)
  A spriggan simulacrum (IceCv)
  A wolf simulacrum (IceCv)
  A centaur simulacrum (IceCv)
  A naga skeleton (Volcano)
  6 gnolls
  An ogre simulacrum (IceCv)
  9 adders
  2 shadow imps
  5 white imps (IceCv)
  4 ufetubi (IceCv)
  2 oozes
  An adder zombie (D:10)
  An adder skeleton (D:4)
  2 worms
  4 leopard geckos
  52 orcs
  4 bats
  4 giant cockroaches
  5 goblins
  5 hobgoblins
  8 jackals
  6 kobolds (D:1)
  4 quokkas
  3 frilled lizards
  2 rats
327 creatures vanquished.

Vanquished Creatures (collateral kills)
  An orc warlord (D:10)
  A minotaur (Lab)
  Harold (Lair:4)
  2 two-headed ogres
  A satyr (Shoals:2)
  A merfolk aquamancer (Shoals:1)
  2 orc high priests (Orc:2)
  A sea snake (Shoals:2)
  An anaconda skeleton (Volcano)
  An orc knight (Orc:2)
  A deep elf mage (Orc:1)
  A manticore (Shoals:2)
  An elephant (Lair:6)
  An ice statue (Shoals:2)
  A black mamba (Lair:4)
  A merfolk siren (Shoals:1)
  2 water nymphs
  3 spiny frogs
  2 gargoyles (Volcano)
  A komodo dragon (Lair:4)
  5 merfolk
  2 hornets (Lair:6)
  A snapping turtle (Shoals:2)
  2 blink frogs
  3 hippogriffs
  A flying skull (Volcano)
  3 spriggans (Lair:6)
  2 water elementals
  A yak (Lair:4)
  3 wargs (D:10)
  2 harpy simulacra (IceCv)
  A water moccasin (Lair:1)
  A swamp drake (Orc:1)
  An ice beast (D:10)
  2 porcupines (Lair:1)
  2 black bears
  17 orc warriors
  2 ogres (Orc:2)
  2 centaurs
  7 wolves (Lair:6)
  3 crocodiles
  A bullfrog (D:8)
  A killer bee (D:8)
  2 crimson imps
  2 howler monkeys (D:10)
  A draconian simulacrum (IceCv)
  A hound (D:7)
  4 orc priests
  8 orc wizards
  A worker ant (D:7)
  A troll simulacrum (IceCv)
  2 naga skeletons (Volcano)
  An adder (D:8)
  A naga simulacrum (IceCv)
  A white imp (Orc:1)
  2 ufetubi (IceCv)
  28 orcs
  3 fungi (Lair:6)
  A plant (Shoals:1)
150 creatures vanquished.

Vanquished Creatures (others)
  A two-headed ogre (D:8)
  An orc high priest (Orc:2)
  3 orc knights (Orc:2)
  A deep elf mage (Orc:1)
  A black mamba (Lair:6)
  A spiny frog (Lair:5)
  2 gargoyles (Volcano)
  A komodo dragon (Lair:2)
  A rime drake (Lair:1)
  2 ice devils (IceCv)
  2 hornets
  A troll (D:9)
  2 polar bears (Lair:6)
  A flying skull (Volcano)
  An alligator skeleton (Volcano)
  A spriggan (Lair:6)
  A dire elephant simulacrum (IceCv)
  A hog (D:7)
  A warg (Orc:1)
  A porcupine (D:8)
  A water moccasin (Lair:6)
  2 orc warriors (Orc:2)
  A necrophage (D:10)
  2 wolves (Lair:6)
  A spriggan skeleton (Volcano)
  2 hounds
  4 orc priests
  19 battlemagi
  An ogre simulacrum (IceCv)
  A shadow imp (D:6)
  4 ancestors
  3 orcs
  3 bushes (Lair:3)
  19 fungi
  3 plants
92 creatures vanquished.

Grand Total: 569 creatures vanquished

Notes
Turn   | Place    | Note
-------+----------+-------------------------------------------
     0 | D:1      | Lavandula the Ghoul Warper began the quest for the Orb.
     0 | D:1      | Reached XP level 1. HP: 17/17 MP: 2/2
    54 | D:1      | Reached XP level 2. HP: 21/24 MP: 3/3
    61 | D:1      | Learned a level 2 spell: Blink
    64 | D:1      | Learned a level 2 spell: Shroud of Golubria
   221 | D:1      | Reached XP level 3. HP: 25/29 MP: 4/4
   250 | D:2      | Found a sparkling altar of Nemelex Xobeh.
   384 | D:2      | Reached XP level 4. HP: 28/36 MP: 2/5
   689 | D:3      | Reached skill level 5 in Unarmed Combat
   746 | D:4      | Found Zoiras's Assorted Antiques.
   757 | D:4      | Bought a scroll labeled URA GOADOBARUOFF for 31 gold pieces
   757 | D:4      | Bought a fizzy clear potion for 27 gold pieces
   845 | D:4      | Reached XP level 5. HP: 45/45 MP: 3/6
  1065 | D:4      | Found a hide-covered altar of Uskayaw.
  1178 | D:5      | Entered Level 5 of the Dungeon
  1280 | D:5      | Reached XP level 6. HP: 30/55 MP: 7/7
  1287 | D:4      | Reached skill level 5 in Fighting
  1417 | D:5      | Found a hazy altar of Hepliaklqana.
  1425 | D:5      | Became a worshipper of Hepliaklqana the Forgotten
  1709 | D:4      | Bought a sapphire potion for 27 gold pieces
  1709 | D:4      | Bought a scroll labeled EWIWOKL SOAMALL for 31 gold pieces
  1709 | D:4      | Bought a scroll labeled BISIRUI BEPI for 31 gold pieces
  1850 | D:5      | Reached skill level 1 in Long Blades
  1850 | D:5      | Reached XP level 7. HP: 30/54 MP: 0/8
  1862 | D:5      | Found Reriuto's Food Shoppe.
  2004 | D:5      | Reached skill level 2 in Long Blades
  2015 | D:5      | Found a staircase to the Ecumenical Temple.
  2253 | D:6      | Reached * piety under Hepliaklqana
  2308 | D:6      | Reached skill level 3 in Long Blades
  2337 | D:6      | Reached skill level 4 in Long Blades
  2435 | D:7      | Reached XP level 8. HP: 35/61 MP: 2/9
  2457 | D:7      | Reached skill level 5 in Long Blades
  2544 | D:6      | Found a shattered altar of Ashenzari.
  2651 | D:6      | Reached skill level 6 in Long Blades
  2862 | D:6      | Found a basalt altar of Yredelemnul.
  3038 | D:7      | Reached skill level 7 in Long Blades
  3107 | D:7      | Got a slimy long sword
  3263 | D:7      | Reached XP level 9. HP: 56/66 MP: 10/10
  3392 | D:7      | Found a radiant altar of Vehumet.
  3414 | D:8      | Identified the +0 long sword of Purpose {flame, rElec MR+ Dex+2} (You found it on level 7 of the Dungeon)
  3534 | D:8      | Reached skill level 5 in Shields
  3547 | D:8      | Noticed a two-headed ogre
  3638 | D:8      | Found a shimmering altar of Xom.
  3984 | D:4      | Bought a scroll labeled VOPY COMEICH for 31 gold pieces
  4082 | D:8      | Reached ** piety under Hepliaklqana
  4083 | D:8      | Remembered your ancestor Senakhtenre as a battlemage
  4194 | D:8      | Reached skill level 8 in Long Blades
  4347 | D:8      | Found a staircase to the Lair.
  4348 | D:8      | Reached skill level 9 in Long Blades
  4463 | D:9      | Reached XP level 10. HP: 72/72 MP: 9/11
  4706 | D:9      | Reached skill level 10 in Long Blades
  4805 | D:10     | Entered Level 10 of the Dungeon
  4805 | D:10     | Noticed a two-headed ogre
  4805 | D:10     | Noticed a two-headed ogre
  4864 | D:8      | Killed a two-headed ogre
  4937 | D:8      | Banished a two-headed ogre
  4937 | D:8      | Reached skill level 11 in Long Blades
  4942 | D:8      | Noticed a two-headed ogre
  5046 | D:8      | Killed a two-headed ogre
  5051 | D:8      | Found an iron altar of Okawaru.
  5339 | D:10     | Noticed a two-headed ogre
  5358 | D:10     | Killed a two-headed ogre
  5358 | D:10     | Reached skill level 12 in Long Blades
  5378 | D:10     | Reached XP level 11. HP: 55/77 MP: 7/12
  5583 | D:10     | Found a staircase to the Orcish Mines.
  5698 | D:10     | Reached *** piety under Hepliaklqana
  5727 | Orc:1    | Entered Level 1 of the Orcish Mines
  5790 | Orc:1    | Found a dark tunnel.
  5798 | Volcano  | Entered a volcano
  5897 | Volcano  | Learned a level 3 spell: Lesser Beckoning
  5964 | Volcano  | Reached skill level 5 in Dodging
  6389 | Volcano  | Noticed a skeletal warrior
  6606 | Volcano  | Noticed a skeletal warrior
  6664 | Volcano  | Killed a skeletal warrior
  6958 | Volcano  | Killed a skeletal warrior
  6990 | Volcano  | Reached skill level 1 in Armour
  7137 | Orc:1    | Noticed a deep elf mage
  7143 | Orc:1    | Banished a deep elf mage
  7147 | Orc:1    | Found the +3 hat of Pondering {ponderous, MR+ MP+10 Int+5}
  7149 | Orc:1    | Got a dull robe
  7171 | Orc:1    | Noticed a deep elf mage
  7185 | Orc:1    | Killed a deep elf mage
  7185 | Orc:1    | Reached XP level 12. HP: 83/92 MP: 5/13
  7198 | Orc:1    | Learned a level 3 spell: Mephitic Cloud
  7219 | Orc:1    | Identified the cursed +0 robe "Ineduong" {Regen+ Str+4} (You found it on level 1 of the Orcish Mines)
  7238 | Orc:1    | Learned a level 4 spell: Passage of Golubria
  7261 | Orc:1    | Noticed an orc warlord
  7285 | D:10     | Reached skill level 1 in Air Magic
  7297 | D:10     | Killed an orc warlord
  7530 | D:10     | Reached skill level 1 in Conjurations
  7764 | Orc:2    | Entered Level 2 of the Orcish Mines
  7902 | Orc:2    | Found a staircase to the Elven Halls.
  8142 | Orc:2    | Noticed a two-headed ogre
  8149 | Orc:2    | Killed a two-headed ogre
  8278 | Orc:2    | Noticed an orc high priest
  8386 | Orc:1    | Reached skill level 1 in Poison Magic
  8546 | Orc:2    | Killed an orc high priest
  8726 | Orc:2    | Noticed an orc high priest
  8736 | Orc:2    | Reached skill level 13 in Long Blades
  8866 | Orc:2    | Killed an orc high priest
  8952 | Orc:2    | Noticed an orc high priest
  9047 | Orc:2    | Noticed an orc high priest
  9050 | Orc:2    | Banished an orc high priest
  9055 | Orc:2    | Killed an orc high priest
  9081 | Orc:2    | Reached XP level 13. HP: 82/97 MP: 17/17
  9156 | Orc:2    | Reached skill level 14 in Long Blades
  9229 | Orc:2    | Found Lagoerphutho's Distillery.
  9229 | Orc:2    | Found Zuitiasicu's Armour Shop.
  9230 | Orc:2    | Found Keotaff's Antique Weapon Boutique.
  9230 | Orc:2    | Found Xiacomiu's Distillery.
  9245 | Orc:2    | Bought a potion of might for 48 gold pieces
  9245 | Orc:2    | Bought a potion of cancellation for 96 gold pieces
  9245 | Orc:2    | Bought a potion of flight for 36 gold pieces
  9245 | Orc:2    | Bought a potion of degeneration for 12 gold pieces
  9245 | Orc:2    | Bought a potion of heal wounds for 60 gold pieces
  9249 | Orc:2    | Bought a potion of magic for 120 gold pieces
  9249 | Orc:2    | Bought a potion of resistance for 150 gold pieces
  9249 | Orc:2    | Bought a potion of agility for 60 gold pieces
  9249 | Orc:2    | Bought a potion of heal wounds for 75 gold pieces
  9249 | Orc:2    | Bought a potion of might for 60 gold pieces
  9250 | Orc:2    | Upgraded the game from 0.21-a0-279-g6037ffb to 0.21-a0-286-g6fcecc0
  9323 | Orc:2    | Bought the +2 leather armour "Upuhag" {rF++ Int+4} for 628 gold pieces
  9516 | Lair:1   | Entered Level 1 of the Lair of Beasts
  9697 | Lair:1   | Found a labyrinth entrance.
  9708 | Lab      | Entered a labyrinth
  9753 | Lab      | Reached **** piety under Hepliaklqana
  9919 | Lab      | Noticed a minotaur
  9928 | Lab      | Killed a minotaur
  9938 | Lab      | Got a crude brass ring
  9941 | Lab      | Identified the ring of Xom's Sleight of Hands {Str+7 Stlth+} (You found it in a labyrinth)
  9956 | Lab      | Got an ichor-stained chain mail
  9967 | Lab      | Identified the +4 chain mail "Zaisteof" {+Inv rC+ Dex-4} (You found it in a labyrinth)
 10370 | Lair:4   | Noticed Harold
 10384 | Lair:4   | Killed Harold
 10479 | Lair:4   | Noticed Nergalle
 10579 | Lair:4   | Learned a level 4 spell: Animate Dead
 10602 | Lair:4   | Reached skill level 1 in Necromancy
 10750 | Lair:6   | Entered Level 6 of the Lair of Beasts
 10961 | Lair:6   | Reached skill level 5 in Necromancy
 11416 | Lair:6   | Reached XP level 14. HP: 106/106 MP: 19/19
 11828 | Lair:4   | Found a staircase to the Shoals.
 11878 | Shoals:1 | Entered Level 1 of the Shoals
 11982 | Lair:4   | Learned a level 6 spell: Death Channel
 12265 | Lair:4   | Reached skill level 5 in Spellcasting
 12661 | Shoals:2 | Reached ***** piety under Hepliaklqana
 12745 | Shoals:2 | Found Haenavor's Humungous Hoard.
 12797 | Shoals:2 | Found a frozen archway.
 12850 | IceCv    | Entered an ice cave
 13023 | IceCv    | Identified a scroll of acquirement
 13193 | IceCv    | Learned a level 3 spell: Conjure Flame
 14230 | IceCv    | Killed from afar by a blizzard demon

Vault maps used:
D:1:      scummos_arrival_simple_crosswalls, serial_glass, glass_columns_a,
          glass_columns_a, glass_columns_b, hangedman_decor_slide_cut
D:2:      overflow_temple_1_default, first_bread, st_stairs_4
D:3:      amethyst_killhole
D:4:      lemuel_round_altar, serial_shops, shop, roderic_lattice_a
D:5:      old_standard_altar, minmay_temple_entry_fiery, serial_shops, shop
D:6:      yredelemnul_altar_generic, basic_altar
D:7:      lemuel_upstairs_altar, grunt_livestock
D:8:      kennysheep_little_box, okawaru_gym_becter,
          grunt_lair_entry_orc_guard_hut
D:10:     david_orc_1_choice
Lair:1:   lab_entry_generic, eino_small_chamber_without_monster, minivault_26,
          serial_bayou_shore_b
Lair:3:   infiniplex_staircase_pool_2
Lair:4:   beast_lair_carwin_large_2, elwin_shoals_entry_rooms,
          dummy_spider_entry, serial_bayou_pond_d, st_stairs_10, uniq_nergalle,
          uniq_harold
Lair:5:   dpeg_slime_entry_enclosed_altar, grunt_megastairs_2,
          lemuel_fruit_tree, lemuel_fruit_fields
Lair:6:   minmay_lair_end_enchanted_forest, st_stairs_10, grunt_megastairs_1
Shoals:2: portal_ice_cave_entry_ice_statue_one, nicolae_shoals_cliffside_cave,
          nicolae_alphabet_shops
Orc:1:    nicolae_volcano_entry_two_sided, hangedman_minor_magic
Orc:2:    st_orc_pillars
Lab:      nicolae_lab_plus, labyrinth_skeletal_remains, nicolae_lab_starburst
IceCv:    ice_cave_caverns_03
Volcano:  volcano_tomb

Skill      XL: |  1  2  3  4  5  6  7  8  9 10 11 12 13 14 |
---------------+-------------------------------------------+-----
Unarmed Combat | 3 4 5 |  5.0
Fighting       | 3 4 5 8 9 |  9.4
Dodging        | 3 5 6 7 |  7.2
Long Blades    | 1 4 7 9 12 13 14 | 14.3
Shields        | 3 5 |  5.3
Armour         | 3 |  3.3
Air Magic      | 3 |  3.3
Conjurations   | 4 |  4.2
Spellcasting   | 3 4 5 |  5.5
Poison Magic   | 1 |  1.8
Invocations    | 3 |  3.0
Necromancy     | 6 9 |  9.6
Throwing       | |  0.8
Translocations | |  2.6

Action                   |  1- 3 |  4- 6 |  7- 9 | 10-12 | 13-15 || total
-------------------------+-------+-------+-------+-------+-------++-------
Melee: Unarmed           |    98 |   204 |     9 |       |       ||   311
       Punch             |       |     4 |     4 |       |       ||     8
       Falchion          |       |       |   228 |   567 |   655 ||  1450
Throw: Tomahawk          |       |       |     5 |     8 |     7 ||    20
 Cast: Shroud of Golubri |     2 |     7 |    24 |    63 |    61 ||   157
       Blink             |       |       |     2 |    10 |     7 ||    19
       Mephitic Cloud    |       |       |       |     1 |       ||     1
       Animate Dead      |       |       |       |       |    15 ||    15
       Passage of Golubr |       |       |       |       |     1 ||     1
       Conjure Flame     |       |       |       |       |    13 ||    13
       Death Channel     |       |       |       |       |     4 ||     4
Invok: Recall Ancestor   |       |     1 |       |     2 |     4 ||     7
       Ancestor Life: Ba |       |       |     1 |       |       ||     1
       Idealise          |       |       |       |       |     1 ||     1
Evoke: Wand              |       |       |       |    15 |     8 ||    23
       Lamp of fire      |       |       |       |       |     2 ||     2
  Use: Scroll            |       |     1 |     8 |    12 |    11 ||    32
       Potion            |       |       |       |       |     1 ||     1
 Stab: Distracted        |       |     1 |       |     5 |     8 ||    14
       Confused          |       |       |       |     1 |       ||     1
       Paralysed         |       |       |       |     1 |       ||     1
       Sleeping          |       |       |       |       |     7 ||     7
  Eat: Chunk             |     9 |    21 |    58 |    81 |    71 ||   240
       Royal jelly       |       |       |       |     1 |     2 ||     3
Armor: Leather armour    |    17 |    17 |    49 |    65 |   135 ||   283
       Chain mail        |       |    78 |       |       |       ||    78
       Ring mail         |       |       |       |     2 |       ||     2
Dodge: Dodged            |    33 |    91 |   117 |   174 |   218 ||   633
Block: Buckler           |       |       |    37 |   121 |   133 ||   291
       Rpst.: Falchion   |       |       |    35 |    44 |    44 ||   123

Table legend:
 A = Spawn XP
 B = Non-spawn XP
 C = Spawn XP percentage of total XP
 D = Spawn monster count
 E = Non-spawn monster count
 F = Spawn count percentage of total count
 G = Total turns spent on level
                    A         B        C        D         E        F      G
               +---------+---------+-------+---------+---------+-------+---------
         Total |       0 |   73095 |   0.0 |       0 |     516 |   0.0 | 14230
               +---------+---------+-------+---------+---------+-------+---------
           D:1 |       0 |      37 |   0.0 |       0 |      18 |   0.0 |   248
           D:2 |       0 |      55 |   0.0 |       0 |      15 |   0.0 |   313
           D:3 |       0 |      28 |   0.0 |       0 |       9 |   0.0 |   187
           D:4 |       0 |     316 |   0.0 |       0 |      21 |   0.0 |   722
           D:5 |       0 |     363 |   0.0 |       0 |      15 |   0.0 |   773
           D:6 |       0 |     605 |   0.0 |       0 |      11 |   0.0 |   717
           D:7 |       0 |    1184 |   0.0 |       0 |      21 |   0.0 |   642
           D:8 |       0 |    4966 |   0.0 |       0 |      39 |   0.0 |  1228
           D:9 |       0 |     461 |   0.0 |       0 |       5 |   0.0 |   509
          D:10 |       0 |    5300 |   0.0 |       0 |      35 |   0.0 |   862
        Lair:1 |       0 |    1774 |   0.0 |       0 |       8 |   0.0 |   201
        Lair:2 |       0 |     523 |   0.0 |       0 |       3 |   0.0 |   156
        Lair:3 |       0 |    1227 |   0.0 |       0 |       4 |   0.0 |   166
        Lair:4 |       0 |    7444 |   0.0 |       0 |      24 |   0.0 |   992
        Lair:5 |       0 |    1166 |   0.0 |       0 |       5 |   0.0 |   124
        Lair:6 |       0 |   12702 |   0.0 |       0 |      63 |   0.0 |   990
      Shoals:1 |       0 |    2602 |   0.0 |       0 |       7 |   0.0 |   246
      Shoals:2 |       0 |    3784 |   0.0 |       0 |      11 |   0.0 |   187
         Orc:1 |       0 |    3776 |   0.0 |       0 |      49 |   0.0 |   713
         Orc:2 |       0 |   11748 |   0.0 |       0 |      87 |   0.0 |  1320
           Lab |       0 |    1327 |   0.0 |       0 |       2 |   0.0 |   272
         IceCv |       0 |    5665 |   0.0 |       0 |      43 |   0.0 |  1380
       Volcano |       0 |    6042 |   0.0 |       0 |      21 |   0.0 |  1282
               +---------+---------+-------+---------+---------+-------+---------
